 Dungeon Sprint DCSS version 0.27-a0-797-g27d10ad80f (webtiles) character file.

Game seed: 17928612411625030980

5872 mhtbhm the Ninja (level 10, -15/76 HPs)
             Began as a Spriggan Brigand on Mar 27, 2021.
             Was a High Priest of Dithmenos.
             Demolished by Agnes
             ... wielding a +2 lajatang of venom
              (36 damage)
             ... in the Dungeon (Sprint IV: "Fedhas' Mad Dash").
             The game lasted 00:04:26 (1725 turns).

mhtbhm the Ninja (Spriggan Brigand)                 Turns: 1725, Time: 00:04:27

Health: -15/76     AC:  4    Str:  7    XL:     10   Next: 52%
Magic:  12/12      EV: 19    Int: 13    God:    Dithmenos [*****.]
Gold:   221        SH:  0    Dex: 20    Spells: 9/9 levels left

rFire    . . .     SeeInvis +   a - +2 dagger
rCold    . . .     Faith    .   (shield restricted)
rNeg     . . .     Spirit   .   b - +0 robe
rPois    .         Reflect  .   (helmet restricted)
rElec    .         Harm     .   p - +1 cloak {rCorr}
rCorr    +         Rampage  .   (gloves unavailable)
Will     +....     NoTele   +   (boots unavailable)
Stlth    ..........             l - amulet of invisibility {+Inv}
HPRegen  0.22/turn              (no ring)
MPRegen  0.13/turn              (no ring)

@: berserking, lethally poisoned (-15 -> -20), hasted, wreathed by umbra, very
quick
A: very small, no large weapons, unfitting armour, see invisible, speed 3
a: Renounce Religion, Evoke Invisibility, Shadow Step, Shadow Form


You were in the Dungeon.
You worshipped Dithmenos.
Dithmenos was extremely pleased with you.
You visited 1 branch You collected 221 gold pieces.

Inventory:

Hand Weapons
 a - a +2 dagger (weapon)
Missiles
 d - 11 poisoned darts (quivered)
Armour
 b - a +0 robe (worn)
 p - a +1 cloak of preservation (worn)
Jewellery
 l - the amulet of invisibility (around neck) {+Inv}
   (You found it in the Dungeon)

   [amulet of nothing]

   It lets you turn invisible.
 m - an amulet of reflection
Scrolls
 c - a scroll of summoning {unknown}
 k - a scroll of blinking
 q - a scroll of holy word {unknown}
Potions
 f - a potion of curing
 g - 3 potions of heal wounds
 i - 2 potions of magic
 o - a potion of invisibility
 t - a potion of brilliance
Miscellaneous
 n - a phial of floods
 r - a condenser vane


   Skills:
 + Level 5.3 Fighting
 + Level 7.7 Short Blades
 + Level 6.9 Throwing
 + Level 4.3 Dodging
 O Level 27 Stealth
 + Level 2.1 Invocations
 + Level 12.0 Evocations


You had 9 spell levels left.
You didn't know any spells.
Your spell library contained the following spells:

 Spells                   Type           Power      Damage    Failure   Level
 Magic Dart               Conj           0%         1d3       30%         1
 Blink                    Tloc           N/A        N/A       43%         2
 Call Imp                 Summ           0%         N/A       43%         2
 Slow                     Hex            0%         N/A       43%         2
 Conjure Flame            Conj/Fire      0%         6-21      67%         3
 Mephitic Cloud           Conj/Pois/Air  0%         N/A       67%         3


Dungeon Overview and Level Annotations

Branches:
Dungeon (1/1)

Altars:
Cheibriados
Dithmenos
Elyvilon
Gozag
Hepliaklqana
Kikubaaqudgha
Makhleb
Nemelex Xobeh
Okawaru
Qazlal
Ru
Sif Muna
Trog
Uskayaw
Vehumet
Wu Jian
Xom
Yredelemnul
Zin
The Shining One
Beogh
Jiyva
Lugonu

Shops:
D :[==*(

Annotations:
D Agnes


Innate Abilities, Weirdness & Mutations

You are very small and have problems with some larger weapons.
You are too small for most types of armour.
You have supernaturally acute eyesight. (SInv)
You cover ground extremely quickly. (Speed+++)


Message History

Things that are here:
a +0 quarterstaff; a +0 robe
Okay, then.
As you read the scroll labelled JIFIEVAINUPP, it crumbles to dust.
It is a scroll of identify.
o - a potion of invisibility
As you read the scroll of identify, it crumbles to dust.
t - a potion of brilliance Agnes misses you.
Throw: 13 darts (poison)
Press: ? - help, Q - select action, (/) - cycle Shift-Dir - straight line, f/p - Agnes
Aim: Agnes, wielding a +2 lajatang of venom and wearing a +0 robe (umbra, 38% to hit)
You throw a poisoned dart. The poisoned dart misses Agnes.
Unknown command.
Throw: 12 darts (poison)
Press: ? - help, Q - select action, (/) - cycle Shift-Dir - straight line, f/p - Agnes
Aim: Agnes, wielding a +2 lajatang of venom and wearing a +0 robe (umbra, 38% to hit)
You throw a poisoned dart. The poisoned dart hits Agnes!
Agnes is poisoned.
A red film seems to cover your vision as you go berserk!
You feel yourself moving faster!
You feel mighty! Agnes misses you.
You miss Agnes. Agnes completely misses you.
You barely miss Agnes.
Agnes is lightly wounded.
You closely miss Agnes.
Agnes is lightly wounded.
Agnes hits you with a +2 lajatang of venom!!
You emit a cloud of dark smoke.
You are poisoned.
You puncture Agnes!
Agnes is lightly wounded.
* * * LOW HITPOINT WARNING * * *
You feel extremely sick. Agnes misses you.
You barely miss Agnes.
Agnes is lightly wounded.
You puncture Agnes!
Agnes is moderately wounded.
You feel sick.
Agnes hits you with a +2 lajatang of venom!!!
You die...

#################################
<..P#.....#.....#.⌠._._._._.⌠.#.)
PP..'.(...'.#.(.'.._._._._._..'..
PPPP#.....#.#...#..._._._._...#..
##############'##.._._._._._..#.(
...♣........'...#._._._._._.⌠.###
......♣.....#...#################
.....♣..♣..######♣♣♣♣♣..♣.###.(.[
#'####'######.§§@i§(.(♣..♣##..#..
..#....'......§#♣§§♣♣♣.♣).###.##i
.)#..###.......#.♣♣..♣...♣'...#♣.
###### ########## #############..
.♣. .♣.. .. ♣. ## ##


You could see Agnes (very poisoned).

Vanquished Creatures
  A spriggan druid (D)
  6 oklob plants (D)
  A demonic crawler (D)
  3 burning bushes (D)
  A queen bee (D)
  3 wandering mushrooms (D)
  A hornet (D)
  5 spriggans (D)
  3 scorpions (D)
  4 killer bees (D)
  5 oklob saplings (D)
  A river rat (D)
  A rat (D)
  A ballistomycete spore (D)
36 creatures vanquished.

Notes
Turn   | Place    | Note
-------+----------+-------------------------------------------
     0 | D        | mhtbhm the Spriggan Brigand began the quest for the Orb.
     0 | D        | Reached XP level 1. HP: 10/10 MP: 2/2
     9 | D        | Reached skill level 7 in Stealth
     9 | D        | Reached XP level 2. HP: 15/15 MP: 3/3
   120 | D        | Noticed an oklob sapling
   122 | D        | Killed an oklob sapling
   123 | D        | Reached skill level 10 in Stealth
   123 | D        | Reached XP level 3. HP: 18/18 MP: 4/4
   125 | D        | Noticed a scorpion
   126 | D        | Found the amulet of invisibility {+Inv}
   127 | D        | Killed a scorpion
   128 | D        | Reached skill level 11 in Stealth
   128 | D        | Reached XP level 4. HP: 23/23 MP: 5/5
   148 | D        | Found an opulent altar of Gozag.
   148 | D        | Found a hazy altar of Hepliaklqana.
   148 | D        | Found a burning altar of Makhleb.
   148 | D        | Found a sparkling altar of Nemelex Xobeh.
   148 | D        | Found a snail-covered altar of Cheibriados.
   148 | D        | Found a sacrificial altar of Ru.
   148 | D        | Found a shimmering blue altar of Sif Muna.
   148 | D        | Found a shimmering altar of Xom.
   148 | D        | Found a basalt altar of Yredelemnul.
   149 | D        | Found a viscous altar of Jiyva.
   149 | D        | Found a bloodstained altar of Trog.
   149 | D        | Found an ornate altar of the Wu Jian Council.
   150 | D        | Found an iron altar of Okawaru.
   150 | D        | Found a shadowy altar of Dithmenos.
   150 | D        | Found a glowing silver altar of Zin.
   151 | D        | Found an ancient bone altar of Kikubaaqudgha.
   151 | D        | Found a hide-covered altar of Uskayaw.
   152 | D        | Found a stormy altar of Qazlal.
   152 | D        | Found a white marble altar of Elyvilon.
   152 | D        | Found a glowing golden altar of the Shining One.
   153 | D        | Found a corrupted altar of Lugonu.
   153 | D        | Found a radiant altar of Vehumet.
   157 | D        | Reached skill level 13 in Stealth
   157 | D        | Reached skill level 1 in Evocations
   160 | D        | Became a worshipper of Dithmenos the Shadowed
   218 | D        | Reached XP level 5. HP: 28/28 MP: 6/6
   232 | D        | Noticed a queen bee
   240 | D        | Reached skill level 14 in Stealth
   241 | D        | Reached * piety under Dithmenos
   242 | D        | Reached skill level 15 in Stealth
   243 | D        | Reached skill level 16 in Stealth
   243 | D        | Reached XP level 6. HP: 26/32 MP: 5/7
   244 | D        | Killed a queen bee
   245 | D        | Reached skill level 5 in Short Blades
   245 | D        | Reached skill level 5 in Throwing
   245 | D        | Reached skill level 18 in Stealth
   246 | D        | Reached ** piety under Dithmenos
   247 | D        | Reached XP level 7. HP: 27/37 MP: 5/8
   331 | D        | Noticed an oklob plant
   441 | D        | Killed an oklob plant
   442 | D        | Reached skill level 20 in Stealth
   607 | D        | Noticed a burning bush
   610 | D        | Killed a burning bush
   611 | D        | Reached skill level 21 in Stealth
   611 | D        | Reached XP level 8. HP: 42/42 MP: 9/9
   643 | D        | Noticed a burning bush
   643 | D        | Noticed an oklob plant
   644 | D        | Noticed a wandering mushroom
   645 | D        | Killed a burning bush
   649 | D        | Killed an oklob plant
   650 | D        | Reached skill level 22 in Stealth
   650 | D        | Reached *** piety under Dithmenos
   652 | D        | Killed a wandering mushroom
   653 | D        | Reached XP level 9. HP: 43/46 MP: 3/10
   812 | D        | Noticed a spriggan druid
   813 | D        | Killed a spriggan druid
   814 | D        | Reached skill level 23 in Stealth
   846 | D        | Noticed an oklob plant conjurer
   847 | D        | Killed an oklob plant conjurer
   848 | D        | Reached skill level 5 in Fighting
   848 | D        | Reached skill level 24 in Stealth
   929 | D        | Noticed an oklob plant
   929 | D        | Noticed an oklob plant summoner
   931 | D        | Noticed an oklob plant shifter
   946 | D        | Killed an oklob plant
   946 | D        | Reached **** piety under Dithmenos
   954 | D        | Killed an oklob plant summoner
   955 | D        | Reached skill level 10 in Evocations
  1087 | D        | Killed an oklob plant shifter
  1088 | D        | Reached skill level 25 in Stealth
  1098 | D        | Noticed a demonic crawler
  1100 | D        | Killed a demonic crawler
  1101 | D        | Reached XP level 10. HP: 49/51 MP: 5/11
  1150 | D        | Noticed a spriggan rider
  1151 | D        | Found Holehubb's Weapon Shoppe.
  1151 | D        | Found Ufyt Gaz's Assorted Antiques.
  1153 | D        | Reached skill level 1 in Invocations
  1156 | D        | Killed a spriggan rider
  1157 | D        | Reached skill level 26 in Stealth
  1287 | D        | Reached ***** piety under Dithmenos
  1584 | D        | Found Sighyi's Armour Shop.
  1584 | D        | Found Qoiseat's Book Emporium.
  1603 | D        | Reached skill level 27 in Stealth
  1608 | D        | Found Vago's Jewellery Emporium.
  1608 | D        | Found Sihuhumm's Jewellery Shoppe.
  1612 | D        | Identified the +1 leather armour "Boyh" {rPois rF- Str+2
                  | Slay+2}
  1692 | D        | Noticed Agnes
  1725 | D        | Demolished by Agnes

Illustrated notes

Levels and vault maps discovered:
D:        dungeon_sprint_fedhas [sprint_temple]

Skill      XL: |  1  2  3  4  5  6  7  8  9 10 |
---------------+-------------------------------+-----
Stealth        | 7 10 11 13 16 18 21 22 25 27 | 27.0
Fighting       | 2 3 4 5 |  5.3
Throwing       | 3 4 5 6 |  6.9
Short Blades   | 3 4 5 6 7 |  7.7
Evocations     | 1 3 4 6 8 10 12 | 12.0
Dodging        | 2 3 4 |  4.3
Invocations    | 2 |  2.1

Action                   |  1- 3 |  4- 6 |  7- 9 | 10-12 || total
-------------------------+-------+-------+-------+-------++-------
Melee: Dagger            |     8 |     9 |    32 |    54 ||   103
Throw: Dart              |     1 |     2 |       |     4 ||     7
Invok: Shadow Step       |       |       |     3 |     2 ||     5
 Abil: Evoke Invisibilit |       |     2 |     4 |     1 ||     7
  Use: Scroll            |       |       |       |     2 ||     2
       Potion            |       |       |       |     2 ||     2
 Stab: Sleeping          |     2 |     1 |     9 |     8 ||    20
       Invisible         |       |     5 |     6 |       ||    11
Armor: Robe              |     1 |       |       |     1 ||     2
Dodge: Dodged            |     1 |     4 |     1 |    25 ||    31

Table legend: (Time is in decaauts)
 A = Elapsed time spent in this place.
 B = Non-inter-level travel time spent in this place.
 C = Inter-level travel time spent in this place.
 D = Time resting spent in this place.
 E = Time spent auto-exploring this place.
 F = Levels seen in this place.
 G = Mean time per level.
                   A        B        C        D        E       F      G
               +--------+--------+--------+--------+--------+-----+--------+
         Total |   1519 |   1461 |     58 |   1085 |      1 |   1 | 1519.0 |
       Dungeon |   1519 |   1461 |     58 |   1085 |      1 |   1 | 1519.0 |
               +--------+--------+--------+--------+--------+-----+--------+

Top non-repeatable levels by time:
       D: 1519 daAuts
